 Dungeon Crawl Stone Soup version 0.31-a0-321-g19405a7a6a (webtiles) character file.

Game seed: 18132412395987487381

534 lunkers the Martial Artist (level 7, -8/30 HPs)
             Began as a Meteoran Shapeshifter on July 17, 2023.
             Was an Initiate of Ru.
             Killed by divine providence
             ... invoked by an orc priest
              (14 damage)
             ... on level 5 of the Dungeon.
             The game lasted 00:05:34 (1461 turns).

lunkers the Martial Artist (Meteoran Shapeshifter)  Turns: 1461, Time: 00:05:34

Health: -8/30      AC:  1    Str: 16    XL:     7   Next: 79%
Magic:  8/8        EV: 13    Int: 10    God:    Ru [......]
Gold:   195        SH:  5    Dex: 17    Spells: 6/6 levels left

rFire   . .          .
                       - Unarmed
rCold   . . .        (shield currently unavailable)
rNeg    . . .        a - +1 animal skin
rPois   .            (no helmet)
rElec   .            (no cloak)
rCorr   .            (gloves currently unavailable)
SInv    .            (no boots)
Will    .....        e - amulet of reflection
Stlth   +            (no ring)
HPRegen 0.25/turn    (no ring)
MPRegen 0.11/turn

%: reflection
@: blade hands, glowing
A: reduced hp, sense surroundings 1, otherworldly, glowing, explore regen
a: Begin Untransformation, Renounce Religion


You were on level 5 of the Dungeon.
You worshipped Ru.
Ru was noncommittal.
You had blades for hands.
You visited 2 branches of the dungeon, and saw 6 of its levels.

You collected 195 gold pieces.

Inventory:

Armour
 a - a +1 animal skin (worn)
 b - a +1 cloak of preservation
 g - a +1 hat
Jewellery
 e - an amulet of reflection (around neck)
Talismans
 c - a beast talisman
 m - a blade talisman
Scrolls
 d - 2 scrolls of enchant armour
Potions
 h - 2 potions of curing
 j - a potion of mutation
 k - a potion of enlightenment
 l - a potion of heal wounds {unknown}


   Skills:
 - Level 2.1 Fighting
 - Level 2.4 Dodging
 * Level 8.6 Unarmed Combat
 + Level 4.6 Shapeshifting


You had 6 spell levels left.
You didn't know any spells.
Your spell library contained the following spells:

 Spells                   Type           Power      Damage    Failure   Level
 Summon Small Mammal      Summ           0%         N/A       78%         1


Dungeon Overview and Level Annotations

Branches:
Dungeon (5/15) Zot: 1605   Temple (1/1) D:4 Zot: 541

Altars:
Ashenzari
Dithmenos
Elyvilon
Hepliaklqana
Nemelex Xobeh
Okawaru
Qazlal
Ru
Sif Muna
Trog
Uskayaw

Shops:
D:3 !

Annotations:
D:4 1 runed translucent door, Iniera's ghost, amateur DEVM


Innate Abilities, Weirdness & Mutations

You have blades for hands.
Your maximum health is decreased, since you lack skill for your form.
Your spellcasting is less reliable in this form.
You are incapable of wielding weapons or throwing items.
You passively map a small area around you.
You are easily found by Zot.
You glow in the dark.
You regain HP and MP as you explore.


Message History

An iguana comes into view.
There are monsters nearby!
The iguana hisses angrily.
You hit the black bear but do no damage.
The black bear bites you. The black bear closely misses you.
The black bear claws you.
You hit the black bear.
The black bear is moderately wounded.
The black bear barely misses you. The black bear claws you.
The black bear barely misses you.
You slash the black bear!
The black bear is severely wounded.
The black bear bites you!
* * * LOW HITPOINT WARNING * * *
You block the black bear's attack. x2
You slash the black bear!
You kill the black bear!
You slash the iguana!
The iguana is heavily wounded.
The iguana bites you.
* * * LOW HITPOINT WARNING * * *
You barely miss the iguana.
The iguana is heavily wounded.
You block the iguana's attack.
You barely miss the iguana.
The iguana is heavily wounded.
The iguana bites you.
* * * LOW HITPOINT WARNING * * *
You slice the iguana!!
You kill the iguana!
You see here a black bear corpse.
You see here a staff of poison.
An orc priest comes into view. It is wielding a +0 club.
The orc priest shouts!
The orc shouts!
The orc priest shouts!
There are monsters nearby!
You see here a staff of poison.
You see here a black bear corpse.
The orc priest mumbles some strange prayers to Beogh against you.
Beogh smites you!
You die...

* #.#...o!* ,
##.#..oo#####.#* ,,
#.............# ,
.........###### , , *
#.#....|....... ,, * *
##...†..#.... * ,
#........#.., * * * ,
#.......## . * * *
#...@...##..
###....##... * * *
*####...#.....# , ,
#....##..##..# *##..
*#.##....##..####....?
*
_#...<........<.......
,##.............###...
, , #.........†...###
, *
,,##..|.............,


You could see 2 orc priests.

Vanquished Creatures
  A wyvern (D:4)
  A black bear (D:5)
  A hound (D:5)
  A jelly (D:4)
  An orc priest (D:3)
  Crazy Yiuf (D:2)
  An iguana (D:5)
  A sleepcap (D:4)
  An orc wizard (D:3)
  4 gnolls (D:4)
  An adder (D:3)
  2 worms (D:3)
  An orc (D:3)
  6 ball pythons
  3 bats (D:1)
  6 endoplasms
  4 giant cockroaches
  2 hobgoblins
  8 kobolds
  5 quokkas
  3 frilled lizards (D:2)
  6 goblins
  2 rats
62 creatures vanquished.

Notes
Turn   | Place    | Note
-------+----------+-------------------------------------------
     0 | D:1      | lunkers the Meteoran Shapeshifter began the quest for the
                  | Orb.
     0 | D:1      | Reached XP level 1. HP: 17/17 MP: 2/2
    76 | D:1      | Reached skill level 3 in Unarmed Combat
    76 | D:1      | Reached XP level 2. HP: 17/24 MP: 3/3
   169 | D:1      | Reached XP level 3. HP: 14/29 MP: 4/4
   198 | D:1      | Found a faded altar of an unknown god.
   201 | D:1      | Reached skill level 4 in Unarmed Combat
   219 | D:1      | Got Plato's Papyrus of the Mob
   520 | D:2      | Found a runed translucent door.
   521 | D:2      | Noticed Crazy Yiuf
   540 | D:2      | Killed Crazy Yiuf
   541 | D:2      | Reached skill level 5 in Unarmed Combat
   541 | D:2      | Reached XP level 4. HP: 36/36 MP: 3/5
   695 | D:3      | Found Tiqa's Distillery.
   718 | D:3      | Reached XP level 5. HP: 38/41 MP: 6/6
   799 | D:3      | Found a white marble altar of Elyvilon.
   851 | D:4      | Reached skill level 6 in Unarmed Combat
   863 | D:4      | Found a staircase to the Ecumenical Temple.
   879 | D:4      | Found a runed translucent door.
   881 | D:4      | Noticed a bullfrog
   891 | Temple   | Entered the Ecumenical Temple
   935 | Temple   | Became a worshipper of Ru the Awakened
  1130 | D:3      | Reached XP level 6. HP: 42/48 MP: 7/7
  1133 | D:3      | Reached skill level 7 in Unarmed Combat
  1147 | D:4      | Noticed Iniera's ghost (amateur DEVM)
  1390 | D:5      | Entered Level 5 of the Dungeon
  1392 | D:5      | Noticed a wyvern
  1392 | D:5      | Noticed a black bear
  1404 | D:4      | Killed a wyvern
  1405 | D:4      | Reached skill level 8 in Unarmed Combat
  1405 | D:4      | Reached XP level 7. HP: 28/55 MP: 8/8
  1461 | D:5      | Killed from afar by an orc priest

Illustrated notes

Levels and vault maps discovered:
D:1:      lemuel_arrival_muddy, layout_basic,
          shapermc_ecumenical_altar_rom_forum
D:2:      layout_rooms, uniq_crazy_yiuf_cottage
D:3:      layout_rooms, pf_just_have_faith, serial_shops, shop
D:4:      layout_cave_pools, minmay_temple_entry_gardened_gates, serial_shops,
          kennysheep_little_box, ebering_ghost_sewer_d
D:5:      layout_rooms, minmay_overflow_temple_star_quad, uniq_menkaure
Temple:   chequers_temple_sunken

Skill      XL: |  1  2  3  4  5  6 |
---------------+-------------------+-----
Unarmed Combat | 3 5 6 8 |  8.6
Shapeshifting  | 4 |  4.6
Fighting       | |  2.1
Dodging        | |  2.4

Action                     |  1- 3 |  4- 6 |  7- 9 || total
---------------------------+-------+-------+-------++-------
  Melee: Unarmed           |    85 |    95 |    14 ||   194
         Punch             |     2 |     7 |       ||     9
    Use: Potion            |     1 |       |       ||     1
         Scroll            |       |     8 |     3 ||    11
 Armour: Animal skin       |    14 |    11 |     2 ||    27
         Skin              |    10 |       |       ||    10
  Dodge: Dodged            |    35 |    43 |     6 ||    84
  Block: Other             |       |     7 |     3 ||    10
   Form: Blade             |       |       |     1 ||     1

Table legend: (Time is in decaauts)
 A = Elapsed time spent in this place.
 B = Non-inter-level travel time spent in this place.
 C = Inter-level travel time spent in this place.
 D = Time resting spent in this place.
 E = Time spent auto-exploring this place.
 F = Levels seen in this place.
 G = Mean time per level.
                   A        B        C        D        E       F      G
               +--------+--------+--------+--------+--------+-----+--------+
         Total |   1451 |   1386 |     65 |     18 |    676 |   6 |  241.8 |
       Dungeon |   1393 |   1328 |     65 |     18 |    676 |   5 |  278.6 |
        Temple |     58 |     58 |      0 |      0 |      0 |   1 |   58.0 |
               +--------+--------+--------+--------+--------+-----+--------+

Top non-repeatable levels by time:
     D:4: 408 daAuts
     D:2: 339 daAuts
     D:1: 309 daAuts
     D:3: 273 daAuts
     D:5: 61 daAuts
  Temple: 58 daAuts
